 Dungeon Crawl Stone Soup version 0.29.0-4-gdea44cf6ec (webtiles) character file.

Game seed: 17597610217554346277

1559 qw the Cleaver (level 8, 0/70 HPs)
             Began as a Minotaur Fighter on Sept 5, 2022.
             Slain by a necrophage (1 damage)
             ... on level 6 of the Dungeon.
             The game lasted 00:02:11 (5249 turns).

qw the Cleaver (Minotaur Fighter)                   Turns: 5249, Time: 00:02:12

Health: 0/70       AC: 14    Str: 23    XL:     8   Next: 58%
Magic:  7/7        EV:  6    Int:  5    God:
Gold:   99         SH:  4    Dex: 10    Spells: 7/7 levels left

rFire   + . .      SeeInvis .   Y - +1 war axe
rCold   . . .      Faith    .   c - +0 buckler
rNeg    . . .      Spirit   .   s - +0 plate armour
rPois   .          Reflect  .   (helmet restricted)
rElec   .          Harm     .   m - +0 cloak
rCorr   .          Rampage  .   (no gloves)
Will    .....                   g - +0 pair of boots
Stlth   ..........              (no amulet)
HPRegen 0.21/turn               o - ring of protection from fire
MPRegen 0.10/turn               (no ring)

@: lethally poisoned (0 -> -4), weakened
A: horns 2, retaliatory headbutt
a: no special abilities


You were on level 6 of the Dungeon.
You visited 2 branches of the dungeon, and saw 7 of its levels.

You collected 132 gold pieces.
You spent 33 gold pieces at shops.


Innate Abilities, Weirdness & Mutations

You have a pair of horns on your head.
You reflexively headbutt those who attack you in melee.


   Skills:
 - Level 6.0 Fighting
 + Level 11.1 Axes
 - Level 1.5 Throwing
 - Level 5.1 Armour
 - Level 1.0 Dodging
 - Level 4.4 Shields


You had 7 spell levels left.
You didn't know any spells.
Your spell library was empty.

Inventory:

Hand Weapons
 p - a +2 vorpal morningstar
 Y - a +1 war axe (weapon)
Missiles
 j - 6 boomerangs (quivered)
Armour
 c - a +0 buckler (worn)
 g - a +0 pair of boots (worn)
 m - a +0 cloak (worn)
 s - a +0 plate armour (worn)
Jewellery
 a - a ring of ice
 o - a ring of protection from fire (left hand)
Scrolls
 q - a scroll of identify
Potions
 d - a potion of might
 e - a potion of lignification {unknown}
 f - a potion of haste {unknown}
 h - a potion of magic {unknown}
 i - 2 potions of curing
 k - a potion of resistance {unknown}
 n - a potion of flight {unknown}

Dungeon Overview and Level Annotations

Branches:
Dungeon (6/15)             Temple (1/1) D:5

Altars:
Ashenzari
Cheibriados
Dithmenos
Elyvilon
Fedhas
Hepliaklqana
Kikubaaqudgha
Makhleb
Nemelex Xobeh
Okawaru
Qazlal
Sif Muna
Vehumet
Wu Jian
Xom
The Shining One

Shops:
D:3 *


Message History

The black bear claws you but does no damage.
You block the adder's attack. The necrophage hits you.
You block the gnoll's attack.
You slash the necrophage!
The necrophage is almost destroyed.
You completely miss the necrophage. You barely miss the black bear.
You closely miss the scorpion. You closely miss the adder.
You feel very sick.
The scorpion stings you but does no damage.
The adder bites you but does no damage.
The black bear bites you but does no damage.
The black bear claws you but does no damage. x2
The necrophage hits you but does no damage. x2
The gnoll hits you from afar with a +0 spear.
You hit the necrophage.
You destroy the necrophage!
You closely miss the scorpion. You hit the adder.
You closely miss the necrophage. You hit the black bear.
You feel sick.
The gnoll is no longer moving quickly.
The scorpion stings you. The adder bites you but does no damage.
The necrophage hits you.
The black bear bites you but does no damage.
The black bear closely misses you. The black bear claws you.
The gnoll completely misses you. You block the scorpion's attack.
Your Shields skill increases to level 4!
You hit the black bear.
The black bear is almost dead.
You closely miss the necrophage. You hit the scorpion but do no damage.
You closely miss the adder.
You feel sick. The adder bites you but does no damage. The necrophage hits you.
You block the black bear's attack.
The black bear claws you but does no damage. x2
The gnoll hits you from afar with a +0 spear.
The adder bites you.
The scorpion stings you but does no damage.
You slash the black bear!
You kill the black bear!
You hit the scorpion but do no damage. You hit the adder but do no damage.
You barely miss the necrophage.
You feel sick. The adder bites you but does no damage. The necrophage hits you.
You die...

#########... ~......?
##........#
......####....[<...#
#.....##.....######...
. ..........[.## . ..#
....##.##(###
....##.....#....#
......s.........#
#.S@%.....#.#
#.)n...#.##.#
.....g...##.# .#
.......#$.##.# .
...........#.# .
..............
..#.<.........
.....#........
..........


You could see a necrophage, a scorpion, a gnoll and an adder.

Vanquished Creatures
  A steam dragon (D:6)
  2 black bears
  An ogre (D:3)
  3 necrophages
  A gnoll sergeant (D:5)
  4 wights (D:6)
  3 killer bees (D:4)
  5 hounds
  2 gnoll boudas
  An orc priest (D:5)
  2 iguanas (D:5)
  3 orc wizards
  15 gnolls
  4 adders
  A white imp (D:3)
  An ufetubus (D:4)
  2 worms
  3 dart slugs
  15 orcs
  2 bats
  9 endoplasms
  A giant cockroach (D:1)
  3 goblins
  7 hobgoblins
  4 jackals (D:5)
  10 kobolds
  A quokka (D:5)
  14 ball pythons
  2 frilled lizards
  5 rats
127 creatures vanquished.

Vanquished Creatures (others)
  A gnoll (D:6)
  A plant (D:1)
2 creatures vanquished.

Grand Total: 129 creatures vanquished

Notes
Turn   | Place    | Note
-------+----------+-------------------------------------------
     0 | D:1      | qw the Minotaur Fighter began the quest for the Orb.
     0 | D:1      | Reached XP level 1. HP: 19/19 MP: 0/0
     0 | D:1      | 0 ||| qw: Version: 0.1-a-104-g96f76f8
     0 | D:1      | 0 ||| qw: Game counter: 5785
     0 | D:1      | 0 ||| qw: Always use a shield: true
     0 | D:1      | 0 ||| qw: God list: Ru
     0 | D:1      | 0 ||| qw: Allow faded altars: false
     0 | D:1      | 0 ||| qw: Do Orc after D:15 true
     0 | D:1      | 0 ||| qw: Do second Lair branch before Depths: true
     0 | D:1      | 0 ||| qw: Lair rune preference: random
     0 | D:1      | 0 ||| qw: Plans: Normal
     0 | D:1      | 0 ||| PLANNING D:1-11
   135 | D:1      | 135 ||| Stepping randomly (stuck).
   136 | D:1      | 136 ||| Stepping randomly (stuck).
   142 | D:1      | Reached skill level 3 in Axes
   163 | D:1      | Reached XP level 2. HP: 26/26 MP: 1/1
   270 | D:1      | 270 ||| Stepping ~*~*~tactically~*~*~ (stealth).
   271 | D:1      | 271 ||| Stepping ~*~*~tactically~*~*~ (stealth).
   277 | D:1      | Reached skill level 4 in Axes
   334 | D:1      | 334 ||| DROPPING +0 club.
   732 | D:1      | 732 ||| UPGRADING to +0 pair of boots.
   737 | D:1      | 737 ||| READING scroll labelled HYCKOL WESUTE.
   738 | D:1      | 738 ||| READING scroll labelled SAYQ LATOTRUME.
   806 | D:2      | Reached XP level 3. HP: 31/31 MP: 2/2
   915 | D:2      | 915 ||| Stepping ~*~*~tactically~*~*~ (hiding).
  1013 | D:2      | Found a shimmering altar of Xom.
  1419 | D:2      | 1419 ||| UPGRADING to +0 chain mail.
  1429 | D:2      | 1429 ||| DROPPING +0 scale mail.
  1430 | D:2      | 1430 ||| UPGRADING to +0 cloak.
  1435 | D:2      | 1435 ||| READING scroll labelled BECHIVAKOO.
  1436 | D:2      | 1436 ||| READING scroll labelled FOESHAA XOVEH.
  1439 | D:2      | 1439 ||| DRINKING 2 bubbling blue potions.
  1470 | D:3      | 1470 ||| Stepping ~*~*~tactically~*~*~ (stealth).
  1473 | D:3      | 1473 ||| Stepping ~*~*~tactically~*~*~ (stealth).
  1485 | D:3      | 1485 ||| FLEEEEING.
  1492 | D:3      | 1492 ||| FLEEEEING.
  1493 | D:3      | 1493 ||| FLEEEEING.
  1494 | D:3      | 1494 ||| FLEEEEING.
  1497 | D:3      | 1497 ||| STAIRDANCE
  1549 | D:3      | 1549 ||| DROPPING +0 whip.
  1554 | D:3      | Found a blossoming altar of Fedhas.
  1558 | D:3      | Reached skill level 5 in Axes
  1558 | D:3      | Reached XP level 4. HP: 39/39 MP: 3/3
  1580 | D:3      | 1580 ||| Stepping ~*~*~tactically~*~*~ (hiding).
  1582 | D:3      | 1582 ||| Stepping ~*~*~tactically~*~*~ (hiding).
  1583 | D:3      | Found Ogoejali's General Store.
  1649 | D:3      | 1649 ||| SHOPLISTING +2 buckler (181 gold, have 75).
  1649 | D:3      | 1649 ||| BUYING potion of curing (33 gold).
  1649 | D:3      | Bought a potion of curing for 33 gold pieces
  1733 | D:3      | Reached skill level 1 in Dodging
  1787 | D:3      | Noticed an ogre
  1788 | D:3      | 1788 ||| Stepping ~*~*~tactically~*~*~ (stealth).
  1790 | D:3      | 1790 ||| Stepping ~*~*~tactically~*~*~ (hiding).
  1799 | D:3      | Killed an ogre
  1800 | D:3      | Reached skill level 6 in Axes
  1800 | D:3      | Reached XP level 5. HP: 34/45 MP: 4/4
  1982 | D:3      | Reached skill level 7 in Axes
  2314 | D:3      | 2314 ||| Stepping ~*~*~tactically~*~*~ (hiding).
  2539 | D:3      | Found an ornate altar of the Wu Jian Council.
  2578 | D:3      | 2578 ||| DROPPING amulet of faith.
  2579 | D:3      | 2579 ||| UPGRADING to ring of protection from fire.
  2580 | D:3      | 2580 ||| READING scroll labelled EWOURIL HISCH.
  2581 | D:3      | 2581 ||| READING scroll labelled POZOOS EPPUEM.
  2582 | D:3      | 2582 ||| DRINKING 2 grey potions.
  2583 | D:3      | 2583 ||| DROPPING potion of degeneration.
  2634 | D:4      | Reached XP level 6. HP: 50/52 MP: 5/5
  2651 | D:4      | HP: 11/52 [poisoned by a killer bee]
  2652 | D:4      | 2652 ||| READING scroll of teleportation.
  2655 | D:4      | Reached skill level 8 in Axes
  2656 | D:4      | HP: 6/52 [poisoned by a killer bee]
  3076 | D:4      | Reached XP level 7. HP: 50/59 MP: 6/6
  3077 | D:4      | Reached skill level 9 in Axes
  3157 | D:4      | 3157 ||| Stepping ~*~*~tactically~*~*~ (hiding).
  3319 | D:4      | 3319 ||| Stepping ~*~*~tactically~*~*~ (hiding).
  3355 | D:4      | 3355 ||| Stepping ~*~*~tactically~*~*~ (stealth).
  3356 | D:4      | 3356 ||| Stepping ~*~*~tactically~*~*~ (stealth).
  3427 | D:4      | 3427 ||| Stepping ~*~*~tactically~*~*~ (hiding).
  3466 | D:4      | 3466 ||| Stepping ~*~*~tactically~*~*~ (stealth).
  3468 | D:4      | 3468 ||| Stepping ~*~*~tactically~*~*~ (stealth).
  3472 | D:4      | 3472 ||| Stepping ~*~*~tactically~*~*~ (stealth).
  3481 | D:4      | Found a hazy altar of Hepliaklqana.
  3596 | D:4      | 3596 ||| Stepping randomly (stuck).
  3616 | D:5      | Entered Level 5 of the Dungeon
  3619 | D:5      | 3619 ||| Stepping ~*~*~tactically~*~*~ (stealth).
  3637 | D:5      | 3637 ||| DROPPING +0 flail.
  3938 | D:5      | Reached skill level 10 in Axes
  3942 | D:5      | Reached skill level 1 in Throwing
  4161 | D:5      | Found a staircase to the Ecumenical Temple.
  4162 | D:5      | 4162 ||| PLANNING TEMPLE
  4162 | D:5      | 4162 ||| UPGRADING to +0 plate armour.
  4172 | D:5      | 4172 ||| DROPPING +0 chain mail.
  4173 | D:5      | 4173 ||| READING scroll labelled PEACORRI CASH.
  4174 | D:5      | 4174 ||| READING scroll labelled ODAIQE KAAFUCU.
  4184 | Temple   | Entered the Ecumenical Temple
  4184 | Temple   | Found a transporter.
  4184 | Temple   | Found a transporter.
  4186 | Temple   | Found a transporter.
  4186 | Temple   | Found a transporter.
  4196 | Temple   | 4196 ||| PLANNING D:1-11
  4291 | D:5      | Reached XP level 8. HP: 20/68 MP: 7/7
  4369 | D:5      | 4369 ||| FLEEEEING.
  4370 | D:5      | 4370 ||| FLEEEEING.
  4371 | D:5      | 4371 ||| FLEEEEING.
  4372 | D:5      | 4372 ||| FLEEEEING.
  4373 | D:5      | 4373 ||| FLEEEEING.
  4374 | D:5      | 4374 ||| FLEEEEING.
  4375 | D:5      | 4375 ||| FLEEEEING.
  4376 | D:5      | 4376 ||| FLEEEEING.
  4377 | D:5      | 4377 ||| FLEEEEING.
  4378 | D:5      | 4378 ||| FLEEEEING.
  4379 | D:5      | 4379 ||| FLEEEEING.
  4385 | D:5      | 4385 ||| STAIRDANCE
  4705 | D:5      | 4705 ||| Stepping ~*~*~tactically~*~*~ (stealth).
  4716 | D:5      | 4716 ||| Stepping ~*~*~tactically~*~*~ (stealth).
  4729 | D:5      | Found an iron altar of Okawaru.
  5008 | D:5      | Found a white marble altar of Elyvilon.
  5081 | D:6      | 5081 ||| PLANNING OSSUARY
  5089 | D:6      | Reached skill level 6 in Fighting
  5169 | D:6      | 5169 ||| FLEEEEING.
  5170 | D:6      | 5170 ||| FLEEEEING.
  5173 | D:6      | 5173 ||| STAIRDANCE
  5232 | D:6      | 5232 ||| Stepping ~*~*~tactically~*~*~ (hiding).
  5241 | D:6      | Reached skill level 11 in Axes
  5247 | D:6      | HP: 14/70 [scorpion (4)]
  5248 | D:6      | HP: 5/70 [poisoned by a scorpion]
  5248 | D:6      | HP: 2/70 [adder (1)]
  5249 | D:6      | Slain by a necrophage

Levels and vault maps discovered:
D:1:      tarquinn_simple_flora_water_f, layout_basic, serial_forest,
          infiniplex_forest_clump_double, infiniplex_forest_straight_4,
          infiniplex_forest_lined_4_way, infiniplex_forest_straight_4,
          infiniplex_forest_side_room, infiniplex_forest_clump_small,
          infiniplex_forest_zigzag_1, minmay_heptomino_d4
D:2:      layout_basic, basic_altar
D:3:      layout_loops_cross, lemuel_tele_altar,
          nicolae_wu_jian_immortal_techniques, serial_shops, shop
D:4:      layout_basic, lemuel_crystal_altar
D:5:      layout_cave_pods, okawaru_altar_gauntlet_db, kennysheep_mini,
          minmay_temple_entry_statues_pillars
D:6:      layout_rooms, serial_shops, nicolae_lakefront_shop, enter_ossuary_1,
          grunt_decor_junction
Temple:   hellmonk_temple_divided_pantheon

Skill      XL: |  1  2  3  4  5  6  7  8 |
---------------+-------------------------+-----
Axes           | 3 4 5 6 7 8 10 11 | 11.1
Dodging        | 1 |  1.0
Fighting       | 4 5 6 |  6.0
Throwing       | 1 |  1.5
Armour         | 4 5 |  5.1
Shields        | 4 |  4.4

Action                   |  1- 3 |  4- 6 |  7- 9 || total
-------------------------+-------+-------+-------++-------
Melee: War axe           |    56 |    87 |   151 ||   294
       Headbutt          |     9 |     7 |    28 ||    44
Throw: Boomerang         |    24 |    18 |    46 ||    88
  Use: Scroll            |     4 |     3 |     2 ||     9
       Potion            |     1 |     1 |       ||     2
Armor: Scale mail        |    21 |       |       ||    21
       Chain mail        |     5 |    56 |    29 ||    90
       Plate armour      |       |       |    61 ||    61
Dodge: Dodged            |    16 |    29 |    53 ||    98
Block: Buckler           |    10 |    21 |    38 ||    69

Table legend:
 A = Non-vault XP
 B = Vault XP
 C = Vault XP percentage of total XP
 D = Non-vault monster count
 E = Vault monster count
 F = Vault count percentage of total count
                 A         B        C        D         E       F
            +---------+---------+-------+---------+---------+-------
      Total |    2335 |      17 |   0.7 |     120 |       8 |   6.2
            +---------+---------+-------+---------+---------+-------
        D:1 |      34 |       4 |  10.5 |      20 |       2 |   9.1
        D:2 |      24 |       0 |   0.0 |      10 |       0 |   0.0
        D:3 |     280 |       0 |   0.0 |      22 |       0 |   0.0
        D:4 |     675 |       0 |   0.0 |      32 |       0 |   0.0
        D:5 |     580 |      13 |   2.2 |      26 |       6 |  18.8
        D:6 |     742 |       0 |   0.0 |      10 |       0 |   0.0
            +---------+---------+-------+---------+---------+-------
